 Dungeon Crawl Stone Soup version 0.27-a0-1595-g0b823d0a13 (webtiles) character file.

Game seed: 9334439710029676507

6905 avis the Grappler (level 10, -4/83 HPs)
             Began as a Demigod Transmuter on July 19, 2021.
             Succumbed to a hornet's poison
             ... while paralysed by a hornet
             ... on level 8 of the Dungeon on July 20, 2021.
             The game lasted 01:23:15 (13789 turns).

avis the Grappler (Demigod Transmuter)             Turns: 13789, Time: 01:23:16

Health: -4/83      AC:  2    Str: 19    XL:     10   Next: 50%
Magic:  14/17      EV:  5    Int: 15    God:
Gold:   565        SH:  0    Dex: 23    Spells: 7/15 levels left

rFire    . . .     SeeInvis .     - Unarmed
rCold    . . .     Faith    .   (shield currently unavailable)
rNeg     . . .     Spirit   .   (armour currently unavailable)
rPois    x         Reflect  .   (helmet currently unavailable)
rElec    .         Harm     .   (cloak currently unavailable)
rCorr    .         Rampage  .   (gloves currently unavailable)
Will     +....                  (boots currently unavailable)
Stlth    +++.......             (no amulet)
HPRegen  0.23/turn              m - +4 ring of evasion
MPRegen  0.15/turn              M - ring of wizardry

@: paralysed, lethally poisoned (-4 -> -27), spider-form
A: venomous fangs, tiny, high mp 1, forlorn
a: End Transformation


You were on level 8 of the Dungeon.
You were a venomous arachnid creature.
You visited 2 branches of the dungeon, and saw 10 of its levels.
You also visited: Sewer.

You collected 845 gold pieces.
You spent 280 gold pieces at shops.

Inventory:

Missiles
 d - 8 poisoned darts
 h - 16 arrows
 E - 3 atropa-tipped darts
Armour
 c - a +0 pair of boots of flying (melded)
 l - a +0 pair of gloves (melded)
 I - +0 swamp dragon scales (melded)
Jewellery
 b - a ring of see invisible
 m - a +4 ring of evasion (left front leg)
 p - a ring of ice
 M - a ring of wizardry (right front leg)
Wands
 o - a wand of charming (7)
 u - a wand of digging (4)
 K - a wand of polymorph (7)
Scrolls
 e - 2 scrolls of blinking
 f - 2 scrolls of summoning
 j - 5 scrolls of teleportation
 n - 2 scrolls of magic mapping
 q - a scroll of identify
 r - 3 scrolls of fear
 A - a scroll of enchant weapon {unknown}
 C - a scroll of enchant armour {unknown}
 P - a scroll of fog
Potions
 a - 2 potions of lignification
 g - 5 potions of curing
 i - 2 potions of berserk rage
 k - a potion of attraction
 x - a potion of might
 D - a potion of heal wounds
 G - a potion of brilliance
 N - a potion of mutation


   Skills:
 - Level 6.0 Fighting
 * Level 4.8 Dodging
 - Level 3.0 Stealth
 - Level 11.0 Unarmed Combat
 - Level 3.0 Spellcasting
 - Level 5.0 Transmutations
 - Level 4.0 Ice Magic
 - Level 2.0 Poison Magic


You had 7 spell levels left.
You knew the following spells:

 Your Spells              Type           Power      Damage    Failure   Level
a - Beastly Appendage     Tmut           34%        N/A       4%          1
p - Spider Form           Tmut/Pois      6%         N/A       13%         3
q - Ice Form              Ice/Tmut       15%        N/A       24%         4

Your spell library contained the following spells:

 Spells                   Type           Power      Damage    Failure   Level
 Wereblood                Tmut           17%        N/A       4%          2
 Frozen Ramparts          Ice            28%        1d4       12%         3
 Foxfire                  Conj/Fire      8%         2x1d4     17%         1
 Summon Small Mammal      Summ           8%         N/A       17%         1
 Ignite Poison            Fire/Tmut/Pois 9%         N/A       21%         3
 Call Canine Familiar     Summ           2%         N/A       38%         3
 Conjure Flame            Conj/Fire      2%         6-21      38%         3
 Inner Flame              Hex/Fire       2%         N/A       38%         3
 Summon Guardian Golem    Hex/Summ       2%         N/A       38%         3
 Tukima's Dance           Hex            2%         N/A       38%         3
 Summon Ice Beast         Ice/Summ       8%         N/A       50%         4
 Alistair's Intoxication  Tmut/Pois      8%         N/A       61%         5
 Passage of Golubria      Tloc           N/A        N/A       73%         4
 Sticky Flame             Conj/Fire      2%         2d3       73%         4
 Yara's Violent Unravell  Hex/Tmut       4%         3d4       73%         5
 Borgnjor's Vile Clutch   Necr/Erth      1%         N/A       95%         5
 Eringya's Noxious Bog    Tmut/Pois      6%         N/A       98%         6


Dungeon Overview and Level Annotations

Branches:
Dungeon (9/15)             Temple (1/1) D:4            Lair (0/6) D:9
  Sewer (visited)
    Orc: D:9-12

Shops:
D:5 =?[=   D:7 :

Annotations:
D:9 Psyche


Innate Abilities, Weirdness & Mutations

You are a venomous arachnid creature.
You have poisonous fangs.
You are tiny and dextrous.
Your spellcasting is less reliable in this form.
Your armour is entirely melded.
You are incapable of wielding weapons or throwing items.
Your attributes grow dramatically as you level up.
You have an increased reservoir of magic. (+10% MP)
You shall have no god before yourself.


Message History

You fly up into the air.
The orc priest looks braver for a moment.
You see here a +0 leather armour.
A hornet comes into view.
The hornet buzzes angrily.
You hear a bellow!
A yak comes into view.
The yak bellows!
The hornet stings you. The hornet barely misses you.
The hornet stings you but does no damage.
The hornet barely misses you.
There is a stone staircase leading up here.
The hornet misses you. The hornet stings you!
* * * LOW HITPOINT WARNING * * *
You fly upwards.
There is a stone staircase leading down here.
Casting: Spider Form (dangerous; 10% risk of failure)
Confirm with . or Enter, or press ? or * to list all spells.
You turn into a venomous arachnid creature.
Your +0 pair of gloves melds into your body.
Your +0 pair of boots of flying melds into your body.
Your +0 swamp dragon scales melds into your body.
You float gracefully downwards.
The hornet closely misses you. The hornet completely misses you.
You hit the hornet.
The hornet is poisoned.
The hornet is lightly wounded.
The hornet completely misses you.
You barely miss the hornet.
The hornet is lightly wounded.
The hornet stings you.
* * * LOW HITPOINT WARNING * * *
You suddenly lose the ability to move!
The hornet stings you.
* * * LOW HITPOINT WARNING * * *
You shrug off the repeated paralysis!
The hornet stings you!
* * * LOW HITPOINT WARNING * * *
You are lethally poisoned!
You feel yourself slow down.
You feel yourself speed up.
You die...

##############
#............#####
#.#####.......sy.######### #.#
##.####.###.........#
#.####.....#.###########.#
#.#...........#### ##.##
#.#.##..##.#.....# #.#.#
#.#.##..##.#..##.# ##.##
#.#.##..##.#..##.# #.#
#.#.##..##.#..##.#######.######
#.#.##..##.#..##.##)...........


You could see a hornet (very poisoned).

Vanquished Creatures
  A centaur warrior (D:8)
  Maggie (D:7)
  A hornet (D:9)
  3 wyverns
  7 yaks
  A basilisk (D:8)
  5 water moccasins
  An ice beast (D:8)
  3 sky beasts
  2 black bears (D:6)
  2 necrophages
  4 orc warriors (D:9)
  An ogre (D:6)
  3 centaurs
  A kobold brigand (D:8)
  3 bullfrogs
  A gnoll sergeant (D:8)
  A wyvern zombie (D:6)
  13 killer bees
  A water moccasin skeleton (D:6)
  8 wights
  A howler monkey (D:9)
  A bullfrog zombie (D:5)
  A centaur zombie (D:9)
  2 hounds
  A centaur skeleton (D:6)
  2 orc priests (D:9)
  3 jellies
  Jessica (D:2)
  3 iguanas
  9 orc wizards
  A howler monkey zombie (D:8)
  7 gnolls
  2 howler monkey skeletons (D:7)
  6 adders
  3 river rats (D:3)
  A shadow imp (D:6)
  2 white imps
  4 worms
  A dart slug (D:1)
  30 orcs
  6 bats
  5 endoplasms
  A giant cockroach (D:2)
  A hobgoblin (D:1)
  16 jackals
  8 kobolds
  2 quokkas
  6 ball pythons
  2 frilled lizards
  3 goblins
  3 rats
197 creatures vanquished.

Vanquished Creatures (others)
  A bush (D:9)
  7 fungi (D:9)
  28 plants
36 creatures vanquished.

Grand Total: 233 creatures vanquished

Notes
Turn   | Place    | Note
-------+----------+-------------------------------------------
     0 | D:1      | avis the Demigod Transmuter began the quest for the Orb.
     0 | D:1      | Reached XP level 1. HP: 15/15 MP: 5/5
   200 | D:1      | Reached skill level 1 in Stealth
   689 | D:1      | Reached XP level 2. HP: 22/22 MP: 5/7
   714 | D:1      | Reached skill level 1 in Fighting
   832 | D:1      | Reached skill level 3 in Unarmed Combat
  1746 | D:2      | Reached XP level 3. HP: 26/28 MP: 6/8
  1791 | D:2      | Learned a level 3 spell: Spider Form
  1873 | D:2      | Noticed Jessica
  1952 | D:2      | Killed Jessica
  1953 | D:2      | Reached skill level 1 in Poison Magic
  2482 | D:2      | Reached XP level 4. HP: 35/35 MP: 7/9
  3281 | D:2      | Reached XP level 5. HP: 28/41 MP: 7/10
  3726 | D:3      | Found a glowing drain.
  3730 | D:3      | Reached skill level 4 in Unarmed Combat
  3764 | Sewer    | Entered a sewer
  3828 | Sewer    | Learned a level 4 spell: Ice Form
  3879 | Sewer    | Noticed a water moccasin
  3890 | Sewer    | Killed a water moccasin
  3891 | Sewer    | Reached XP level 6. HP: 9/51 MP: 8/12
  3895 | Sewer    | HP: 2/51 [poisoned by a water moccasin]
  4949 | D:4      | Found a staircase to the Ecumenical Temple.
  5431 | D:4      | Reached skill level 5 in Unarmed Combat
  5714 | D:5      | Entered Level 5 of the Dungeon
  6078 | Temple   | Entered the Ecumenical Temple
  6116 | D:5      | Found Lasavaci's Antique Armour Shop.
  6203 | D:5      | Reached XP level 7. HP: 58/58 MP: 10/13
  6309 | D:5      | Found Dujaduo's Jewellery Emporium.
  6373 | D:5      | Reached skill level 1 in Ice Magic
  6545 | D:5      | Found Ushastom's Magic Scroll Shoppe.
  6575 | D:5      | Found Gixos's Jewellery Emporium.
  7133 | D:5      | Upgraded the game from 0.27-a0-1591-gc56fcc985a to
                  | 0.27-a0-1595-g0b823d0a13
  7464 | D:6      | Reached skill level 6 in Unarmed Combat
  7746 | D:6      | Reached XP level 8. HP: 51/66 MP: 12/14
  8128 | D:6      | Reached skill level 7 in Unarmed Combat
  8884 | D:7      | Noticed Maggie
  8994 | D:7      | Killed Maggie
  9014 | D:7      | Found Xaseirph's Self-Improvement Boutique.
  9353 | D:8      | Reached skill level 5 in Transmutations
 10141 | D:8      | Reached XP level 9. HP: 71/71 MP: 9/16
 10525 | D:8      | Noticed a centaur warrior
 10538 | D:8      | Killed a centaur warrior
 10539 | D:8      | Reached skill level 8 in Unarmed Combat
 10539 | D:8      | Reached skill level 5 in Fighting
 11118 | D:8      | Reached skill level 9 in Unarmed Combat
 11859 | D:5      | Bought a scroll of noise for 14 gold pieces
 11859 | D:5      | Bought a scroll of fog for 28 gold pieces
 11859 | D:5      | Bought a scroll of identify for 28 gold pieces
 11859 | D:5      | Bought a scroll of identify for 28 gold pieces
 11859 | D:5      | Bought a scroll of identify for 28 gold pieces
 11859 | D:5      | Bought a scroll of immolation for 49 gold pieces
 11859 | D:5      | Bought a scroll of vulnerability for 105 gold pieces
 12232 | D:9      | Found a staircase to the Lair.
 12262 | D:9      | Reached XP level 10. HP: 52/81 MP: 17/17
 12480 | D:8      | Reached skill level 10 in Unarmed Combat
 12761 | D:9      | Identified a scroll of acquirement
 12823 | D:8      | Acquired a +0 pair of boots of flying
 13449 | D:9      | Reached skill level 11 in Unarmed Combat
 13720 | D:9      | Noticed Psyche
 13787 | D:8      | Paralysed by a hornet for 2 turns
 13788 | D:8      | HP: 2/83 [hornet (17)]
 13789 | D:8      | Succumbed to a hornet's poison

Illustrated notes

Levels and vault maps discovered:
D:1:      ncdulo_halloftheorcs, layout_basic,
          shapermc_ecumenical_altar_starsandcircs
D:2:      layout_loops_ring, kennysheep_generic_room_11, uniq_jessica
D:3:      layout_loops_ring, portal_sewer_entry_c
D:4:      layout_loops_ring, minitemple, minmay_temple_entry_from_below_a
D:5:      layout_loops_cross, serial_shops, nicolae_shop_window_shopping,
          nicolae_shop_window_shopping, shop, shop, chequers_big_river
D:6:      layout_basic, dk_vineyard_3, minivault_24
D:7:      layout_loops_ring, general_overflow_altar, nicolae_shop_self_help,
          uniq_maggie
D:8:      minmay_polygon_palace, layout_loops_ring,
          mainiacjoe_overflow_tiny_flanked, dk_noncrumbling_4,
          small_chamber_with_monster
D:9:      layout_basic, minmay_lair_entry_grove, david_orc_4, uniq_psyche
Temple:   eino_temple_rhombus

Skill      XL: |  1  2  3  4  5  6  7  8  9 10 |
---------------+-------------------------------+-----
Stealth        | 1 2 3 |  3.0
Spellcasting   | 2 3 |  3.0
Transmutations | 2 3 4 5 |  5.0
Fighting       | 1 2 3 4 5 6 |  6.0
Unarmed Combat | 3 4 5 6 7 9 11 | 11.0
Dodging        | 2 3 4 |  4.8
Poison Magic   | 1 2 |  2.0
Ice Magic      | 2 4 |  4.0

Action                   |  1- 3 |  4- 6 |  7- 9 | 10-12 || total
-------------------------+-------+-------+-------+-------++-------
Melee: Dagger            |   117 |     3 |       |       ||   120
       Kick              |    31 |     2 |    12 |       ||    45
       Unarmed           |     6 |   155 |   273 |   123 ||   557
       Headbutt          |    16 |       |     7 |       ||    23
       Short sword       |       |     6 |    14 |       ||    20
       Punch             |       |       |     1 |     2 ||     3
 Cast: Beastly Appendage |    35 |     6 |     6 |       ||    47
       Spider Form       |       |    35 |    43 |    19 ||    97
       Ice Form          |       |       |     3 |       ||     3
  Use: Scroll            |       |     6 |    10 |     2 ||    18
       Potion            |       |     1 |       |       ||     1
 Stab: Sleeping          |     4 |     7 |     4 |       ||    15
Armor: Robe              |    20 |     1 |     4 |       ||    25
       Skin              |       |     4 |    10 |     1 ||    15
       Swamp dragon scal |       |       |     1 |     5 ||     6
Dodge: Dodged            |    95 |   125 |   250 |   104 ||   574

Table legend: (Time is in decaauts)
 A = Elapsed time spent in this place.
 B = Non-inter-level travel time spent in this place.
 C = Inter-level travel time spent in this place.
 D = Time resting spent in this place.
 E = Time spent auto-exploring this place.
 F = Levels seen in this place.
 G = Mean time per level.
                   A        B        C        D        E       F      G
               +--------+--------+--------+--------+--------+-----+--------+
         Total |  13789 |  12614 |   1175 |   4870 |   4548 |  11 | 1253.5 |
       Dungeon |  13311 |  12137 |   1174 |   4557 |   4548 |   9 | 1479.0 |
        Temple |     44 |     43 |      1 |     13 |      0 |   1 |   44.0 |
         Sewer |    433 |    433 |      0 |    300 |      0 |   1 |  433.0 |
               +--------+--------+--------+--------+--------+-----+--------+

Top non-repeatable levels by time:
     D:8: 2458 daAuts
     D:2: 1819 daAuts
     D:1: 1672 daAuts
     D:6: 1577 daAuts
     D:5: 1568 daAuts
     D:7: 1332 daAuts
     D:9: 1034 daAuts
     D:3: 980 daAuts
     D:4: 867 daAuts
   Sewer: 433 daAuts
  Temple: 44 daAuts
